[Event "Late-Titled-Tuesday-Blitz-March-12-2024"]
[Site "Chess.com"]
[Date "2024.03.12"]
[Round "2"]
[White "lamomiajunior"]
[Black "Der_Balak_3Halak"]
[Result "1-0"]
[WhiteElo "2783"]
[BlackElo "2457"]
[TimeControl "180+1"]
[EndTime "14:15:23 PDT"]
[Termination "lamomiajunior won by resignation"]

1. d4 d5 2. c4 c6 3. Nc3 Nf6 4. Nf3 e6 5. Bg5 Be7 6. e3 O-O 7. Bd3 dxc4 8. Bxc4 Nbd7 9. O-O b5 10. Bd3 Bb7 11.
Rc1 a6 12. Bxf6 Nxf6 13. Ne4 Nxe4 14. Bxe4 Rc8 15. Ne5 Qd6 16. Qc2 Rc7 17. Bxh7+ Kh8 18. Be4 Bf6 19. Qe2 g6 20. Nd3 Kg7 21. f4 Rd8 22. Nc5 Bc8 23. Bf3 a5 24. Rfd1 b4 25. Ne4 Qe7 26. Nxf6 Qxf6 27. Rc5 a4 28. Rdc1 Bb7 29.
Qc4 Ra8 30. Qxb4 Qe7 31. Qc3 a3 32. b4 Ba6 33. b5 Bxb5 34. Rxb5 cxb5 35. Qxc7 Qxc7 36.
Rxc7 Rb8 37. Bd1 b4 38. Bb3 Rb5 39. Kf2 Kf6 40. Rc5 Rb6 41. e4 Ke7 42. Ke3 Kd6 43. e5+ Ke7 44. Kd3 Rb7 45. h4 Kf8 46. g3 Kg7 47. d5 Kh6 48. d6 Kh5 49. Rc7 Kg4 50. Rxb7 Kxg3 51. Rxf7 1-0

[Event "Late-Titled-Tuesday-Blitz-March-12-2024"]
[Site "Chess.com"]
[Date "2024.03.12"]
[Round "2"]
[White "maximnovik"]
[Black "DenLaz"]
[Result "0-1"]
[WhiteElo "2587"]
[BlackElo "3043"]
[TimeControl "180+1"]
[EndTime "14:15:25 PDT"]
[Termination "DenLaz won by resignation"]

1. e4 c5 2. Nf3 e6 3. c3 d5 4. e5 d4 5. Na3 Nc6 6. Bd3 Nge7 7. O-O Ng6 8. Re1 Qc7 9. cxd4 cxd4 10. Nc4 b5 11. Nd6+ Bxd6 12. exd6 Qxd6 13. Bxb5 Bb7 14. d3 O-O 15. h4 Nce5 16. Nxe5 Nxe5 17. Bf4 Qd5 18. Re4 f5 19. Qb3 fxe4 20. Qxd5 Nf3+ 21. gxf3 exd5 22. Be5 Rxf3 23. Bxd4 exd3 24. Rd1 Rf4 25. Rxd3 Rxh4 26. b4 Rc8 27. Bd7 Rc1+ 28. Kg2 Bc8 29. Bxc8 Rxc8 30. a3 a6 31. Bc5 Rd8 32. Kg3 Rc4 33.
Re3 d4 34. Rd3 Rc3 35. Rxc3 dxc3 0-1

[Event "Late-Titled-Tuesday-Blitz-March-12-2024"]
[Site "Chess.com"]
[Date "2024.03.12"]
[Round "2"]
[White "Lion-Al-Messi"]
[Black "TanitoluwaAps116"]
[Result "1-0"]
[WhiteElo "2592"]
[BlackElo "2818"]
[TimeControl "180+1"]
[EndTime "14:15:28 PDT"]
[Termination "Lion-Al-Messi won by resignation"]

1. e4 c5 2. Nf3 e6 3. d4 cxd4 4. Nxd4 Nf6 5. Nc3 Nc6 6. Bf4 d6 7. Ndb5 e5 8. Bg5 a6 9. Na3 b5 10. Nd5 Be7 11. Bxf6 Bxf6 12. c3 Rb8 13. Nc2 Bg5 14.
a4 bxa4 15. Ncb4 Nxb4 16. cxb4 O-O 17. Rxa4 a5 18. b5 Bd7 19. Nc3 d5 20. exd5 e4 21.
Rxe4 f5 22. Rd4 Bf6 23. Rd2 Re8+ 24. Be2 a4 25. Nxa4 Bxb5 26. O-O Rxe2 27. Rxe2 Bxe2 28. Qxe2 Qxd5 29. Re1 Qb3 30. Nc5 Qxb2 31. Qe6+ Kh8 32. Qe8+ 1-0

[Event "Late-Titled-Tuesday-Blitz-March-12-2024"]
[Site "Chess.com"]
[Date "2024.03.12"]
[Round "2"]
[White "MalyDominator"]
[Black "IraZyne"]
[Result "1-0"]
[WhiteElo "2556"]
[BlackElo "2342"]
[TimeControl "180+1"]
[EndTime "14:15:29 PDT"]
[Termination "MalyDominator won by checkmate"]

1. Nf3 d5 2. c4 c6 3. Nc3 Nf6 4. e3 Bg4 5. Be2 e6 6. O-O Be7 7. b3 O-O 8. Bb2 Nbd7 9. h3 Bh5 10. Rc1 Rc8 11. Qc2 Bg6 12. d3 Re8 13. Qb1 e5 14. Qa1 Bd6 15. cxd5 cxd5 16. Nb5 Bb8 17. Rxc8 Qxc8 18. Rc1 Qd8 19. a4 a6 20. Na3 Qb6 21. Bd1 Nc5 22. Nxe5 Nxb3 23. Bxb3 Qxb3 24.
Nxg6 hxg6 25. Bxf6 gxf6 26. Nb1 Qxd3 27. Qxf6 Be5 28. Qf3 Kg7 29. Rd1 Qe4 30. Nd2 Qxf3 31. Nxf3 Bc3 32. Rxd5 Rc8 33. Nd4 Rc4 34. a5 Ra4 35.
Nb3 Ra3 36. Nc5 Rxa5 37. e4 b5 38. Rd7 Kf6 39. f4 Ra1+ 40. Kh2 Bb4 41. e5+ Kg7 42. Ne6+ Kh6 43. Rxf7 Bd2 44. Nf8 g5 45. Rh7# 1-0

[Event "Late-Titled-Tuesday-Blitz-March-12-2024"]
[Site "Chess.com"]
[Date "2024.03.12"]
[Round "2"]
[White "imdvb6307"]
[Black "tarno17"]
[Result "1-0"]
[WhiteElo "2503"]
[BlackElo "2206"]
[TimeControl "180+1"]
[EndTime "14:15:30 PDT"]
[Termination "imdvb6307 won by resignation"]

1. d4 d5 2. Nf3 Nf6 3. e3 e6 4. Nbd2 Be7 5. Bd3 O-O 6. O-O b6 7. e4 dxe4 8. Nxe4 Bb7 9. Nxf6+ Bxf6 10. Re1 Nc6 11. c3 Ne7 12. h4 Qd5 13. Be4 Qh5 14.
Bxb7 Rab8 15. Be4 Rfd8 16. Qe2 c5 17. Bf4 cxd4 18. cxd4 Rbc8 19. Bb7 Nd5 20. Bg3 Nb4 21. Bxc8 Rxc8 22. Rac1 Rd8 23. a3 Nd5 24. Ne5 Bxh4 25.
Qxh5 1-0

[Event "Late-Titled-Tuesday-Blitz-March-12-2024"]
[Site "Chess.com"]
[Date "2024.03.12"]
[Round "2"]
[White "Alexm42100"]
[Black "tandaleo"]
[Result "0-1"]
[WhiteElo "2112"]
[BlackElo "2468"]
[TimeControl "180+1"]
[EndTime "14:15:30 PDT"]
[Termination "tandaleo won by resignation"]

1. d4 e6 2. c4 f5 3. Nf3 Nf6 4. Bg5 Be7 5. Nc3 O-O 6. Bxf6 Bxf6 7. e4 fxe4 8. Nxe4 b6 9. Bd3 Bb7 10. Ne5 Nc6 11. Qh5 g6 12. Nxg6 hxg6 13. Qxg6+ Bg7 14. Nd6 cxd6 15. Qh7+ Kf7 16. Qg6+ Ke7 17. Qxg7+ Rf7 18.
Qg5+ Kf8 19. Qh6+ Rg7 20. Qh8+ Rg8 21. Qh6+ Kf7 22. Qh5+ Kg7 23. Qh7+ Kf8 24. Qh6+ Rg7 25. Qh8+ Kf7 26. Qh5+ Kf6 27. Qh6+ Kf7 28. Qh5+ Kg8 0-1

[Event "Late-Titled-Tuesday-Blitz-March-12-2024"]
[Site "Chess.com"]
[Date "2024.03.12"]
[Round "2"]
[White "IamSchrodingersCat"]
[Black "ChessLover0108"]
[Result "0-1"]
[WhiteElo "2638"]
[BlackElo "2943"]
[TimeControl "180+1"]
[EndTime "14:15:31 PDT"]
[Termination "ChessLover0108 won by resignation"]

1. e4 c5 2. Nf3 d6 3. d4 cxd4 4. Nxd4 Nf6 5. Nc3 a6 6. Be2 e5 7. Nb3 Be7 8. g4 h6 9. Be3 Be6 10. Bf3 Nbd7 11. Qe2 b5 12. O-O-O Rc8 13. Nd5 Bxd5 14.
exd5 Nb6 15. Na5 Nbxd5 16. Nb7 Qc7 17. Rxd5 e4 18. Bxe4 Nxe4 19. Bf4 Qxb7 20. Qxe4 Rc4 21. Rxb5 Qxe4 0-1

[Event "Late-Titled-Tuesday-Blitz-March-12-2024"]
[Site "Chess.com"]
[Date "2024.03.12"]
[Round "2"]
[White "SpeedofLight0"]
[Black "Jagerrmeisterr"]
[Result "0-1"]
[WhiteElo "3080"]
[BlackElo "2722"]
[TimeControl "180+1"]
[EndTime "14:15:38 PDT"]
[Termination "Jagerrmeisterr won by checkmate"]

1. d4 Nf6 2. Nc3 d5 3. Bf4 e6 4. e3 Bd6 5. Bd3 a6 6. Bg5 c5 7.
Nf3 Nbd7 8. O-O Qc7 9. Bh4 b5 10. Bg3 c4 11. Be2 b4 12. Nb1 h5 13. c3 a5 14. b3 Bxg3 15. hxg3 Ne4 16. bxc4 h4 17. gxh4 g5 18. Bd3 g4 19. Bxe4 dxe4 20. Nfd2 Rxh4 21. g3 Rh5 22. Qxg4 Nf6 23. Qf4 Qxf4 24. gxf4 Ba6 25. Rc1 Ke7 26. a3 Rah8 27. Kf1 Rh1+ 28. Ke2 Rxc1 29.
axb4 Rhh1 30. Rxa5 Rhe1# 0-1

[Event "Late-Titled-Tuesday-Blitz-March-12-2024"]
[Site "Chess.com"]
[Date "2024.03.12"]
[Round "2"]
[White "djano"]
[Black "janhelmer03"]
[Result "1-0"]
[WhiteElo "2578"]
[BlackElo "2395"]
[TimeControl "180+1"]
[EndTime "14:15:38 PDT"]
[Termination "djano won on time"]

1. e4 c5 2. Nc3 Nc6 3. Bb5 g6 4. Nf3 Bg7 5. O-O e5 6. a4 Nge7 7. d3 h6 8. Nd5 d6 9. c3 O-O 10. Bc4 Nxd5 11. Bxd5 Ne7 12. Bc4 d5 13. exd5 Nxd5 14.
Re1 Qd6 15. Qb3 Nb6 16. Be3 Nxc4 17. Qxc4 Be6 18. Qxc5 Qxd3 19. Nxe5 Qc2 20. Bd4 Rfc8 21. Qa3 Bf8 22. b4 a5 23. Bc5 axb4 24. cxb4 Bxc5 25. bxc5 Rxc5 26. Nxg6 Rg5 27. Nf4 Qc6 28. g3 Bf5 29. a5 Rg7 30. Rac1 Rf8 31. Rxc6 1-0

[Event "Late-Titled-Tuesday-Blitz-March-12-2024"]
[Site "Chess.com"]
[Date "2024.03.12"]
[Round "2"]
[White "MikeSailer"]
[Black "GotCheeseCheckers"]
[Result "1-0"]
[WhiteElo "2157"]
[BlackElo "2467"]
[TimeControl "180+1"]
[EndTime "14:15:38 PDT"]
[Termination "MikeSailer won by resignation"]

1. d4 Nc6 2. Nf3 d6 3. Bf4 Bg4 4. e3 Bxf3 5. Qxf3 e5 6. dxe5 dxe5 7. Bg3 Bb4+ 8. c3 Bd6 9. Bb5 Ne7 10. O-O O-O 11. Rd1 a6 12. Ba4 Qc8 13. Nd2 Qf5 14.
h3 Qxf3 15. Nxf3 Rad8 16. Rd2 f6 17. Rad1 g6 18. Ne1 Nf5 19. Bh2 Bc5 20. Bxc6 bxc6 21.
Rxd8 Nd6 22. Rxf8+ Kxf8 23. Kf1 a5 24. Ke2 Ke7 25.
b3 Bb6 26. Nc2 Ne4 27. Rd3 a4 28. f3 Nc5 29. bxa4 Nxa4 30. Nb4 c5 31. Nd5+ Ke6 32. Nxb6 cxb6 33. Kd2 Ke7 34. Kc2 c4 35. Rd1 Nc5 36. e4 Nd7 37. Bg1 g5 38. Rxd7+ Kxd7 39. Bxb6 f5 40. exf5 1-0

[Event "Late-Titled-Tuesday-Blitz-March-12-2024"]
[Site "Chess.com"]
[Date "2024.03.12"]
[Round "2"]
[White "emeli_chess"]
[Black "Payyappat"]
[Result "1-0"]
[WhiteElo "2390"]
[BlackElo "2552"]
[TimeControl "180+1"]
[EndTime "14:15:40 PDT"]
[Termination "emeli_chess won by resignation"]

1. d4 Nf6 2. c4 c5 3. d5 e6 4. Nc3 exd5 5. cxd5 d6 6. Nf3 g6 7. h3 Bg7 8. e4 O-O 9. Bd3 b5 10. Nxb5 Nxe4 11. Bxe4 Re8 12. Ng5 h6 13. Ne6 fxe6 14. O-O e5 15. Bxg6 Rf8 16. Qh5 Ba6 17. a4 Nd7 18. Bxh6 Nf6 19. Qh4 Rb8 20. Bg5 Qd7 21. Ra3 Bxb5 22. axb5 Rxb5 23. Rg3 Rb4 24. f4 exf4 25.
Rxf4 Rxf4 26. Bxf4 Rb8 27. Rg5 Rb4 28. Bf5 Qe7 29.
Be6+ Kf8 30. Rf5 Ke8 31. Qg3 Kd8 32. Bxd6 Qb7 33. Rxf6 1-0

[Event "Late-Titled-Tuesday-Blitz-March-12-2024"]
[Site "Chess.com"]
[Date "2024.03.12"]
[Round "2"]
[White "Marcan2b"]
[Black "LornerAcosta"]
[Result "1-0"]
[WhiteElo "2930"]
[BlackElo "2618"]
[TimeControl "180+1"]
[EndTime "14:15:42 PDT"]
[Termination "Marcan2b won on time"]

1. e4 c5 2. Nf3 Nc6 3. Bb5 e6 4. O-O Nge7 5. Re1 a6 6. Bxc6 Nxc6 7. d4 cxd4 8. Nxd4 Qc7 9. Nc3 Bd6 10. g3 Nxd4 11. Qxd4 Be5 12. Qd3 O-O 13. Be3 b5 14.
Rad1 Rd8 15. Bd4 Bb7 16. a3 Rac8 17. Qe3 Bxd4 18. Rxd4 Bc6 19. Red1 Rf8 20. f4 f5 21. e5 Rfd8 22. Rd6 Rb8 23. Ne2 Ba8 24. Kf2 Qxc2 25.
Rxd7 Rxd7 26. Rxd7 Qc6 27. Qa7 Qf3+ 28. Ke1 Qh1+ 29. Kd2 1-0

[Event "Late-Titled-Tuesday-Blitz-March-12-2024"]
[Site "Chess.com"]
[Date "2024.03.12"]
[Round "2"]
[White "karinachess1"]
[Black "NovakRatko"]
[Result "1-0"]
[WhiteElo "2604"]
[BlackElo "2407"]
[TimeControl "180+1"]
[EndTime "14:15:46 PDT"]
[Termination "karinachess1 won by resignation"]

1. d4 d5 2. c4 c5 3. cxd5 Qxd5 4.
e3 cxd4 5. exd4 e5 6. Nc3 Qxd4 7. Qc2 Bb4 8. Nf3 Qc5 9. Be3 Qa5 10. Bc4 Nf6 11. O-O O-O 12. Ng5 Bxc3 13. bxc3 Nc6 14. Rfd1 Bg4 15. Rd5 Qc7 16. Bc5 h6 17. Bxf8 Rxf8 18.
Nxf7 Nxd5 19. Bxd5 Rxf7 20. Qg6 Bd7 21. Qxf7+ Kh7 22.
Be4+ 1-0

[Event "Late-Titled-Tuesday-Blitz-March-12-2024"]
[Site "Chess.com"]
[Date "2024.03.12"]
[Round "2"]
[White "Sajkochess"]
[Black "chucksterf10"]
[Result "1-0"]
[WhiteElo "2329"]
[BlackElo "2527"]
[TimeControl "180+1"]
[EndTime "14:15:46 PDT"]
[Termination "Sajkochess won by checkmate"]

1. e4 d6 2. d4 Nc6 3. d5 Ne5 4.
f4 Ng6 5. Nf3 e6 6. Nc3 exd5 7.
Nxd5 c6 8. Nc3 Nf6 9. h3 Be7 10. Be3 O-O 11. Qd2 Re8 12. O-O-O Bf8 13. e5 Nh5 14. g4 Ng3 15. Rg1 Nxf1 16. Rgxf1 Qa5 17.
exd6 Bd7 18. f5 Ne5 19. Nxe5 Rxe5 20. Bf4 Rc5 21. Kb1 Rd8 22. Ne4 Qxd2 23. Rxd2 Rd5 24. c4 Rxd2 25. Nxd2 g6 26. fxg6 hxg6 27. Ne4 Be6 28.
c5 b6 29. b4 Bg7 30. Bg5 Rb8 31. Kc2 bxc5 32. bxc5 Rb2+ 33. Kd3 Rxa2 34. Bf6 Ra3+ 35. Kd4 Rxh3 36. Bxg7 Kxg7 37. g5 Kf8 38. Ra1 Rh4 39.
Ke5 Bd5 40. Nf6 Be6 41. Rxa7 Rc4 42. Ra8+ Kg7 43. Rg8# 1-0

[Event "Late-Titled-Tuesday-Blitz-March-12-2024"]
[Site "Chess.com"]
[Date "2024.03.12"]
[Round "2"]
[White "dropstoneDP"]
[Black "Mikhail_Golubev"]
[Result "1/2-1/2"]
[WhiteElo "2994"]
[BlackElo "2677"]
[TimeControl "180+1"]
[EndTime "14:15:49 PDT"]
[Termination "Game drawn by repetition"]

1. e4 c5 2. Nf3 d6 3. d4 Nf6 4.
Nc3 cxd4 5. Nxd4 g6 6. Be3 Bg7 7. f3 Nc6 8. Qd2 O-O 9. Bc4 Bd7 10. O-O-O Rc8 11. Nxc6 Rxc6 12. Bb3 Qa5 13. Kb1 Rfc8 14. Nd5 Qxd2 15. Nxf6+ Bxf6 16. Rxd2 b6 17. Bd4 Bxd4 18. Rxd4 Rc5 19. c3 Kg7 20. Bd5 R8c7 21. Rhd1 Be6 22. Kc2 Kf6 23. a3 Bxd5 24. Rxd5 Rxd5 25. Rxd5 h5 26.
b4 Ke6 27. a4 f6 28. a5 Kd7 29.
Kb3 e6 30. axb6 axb6 31. Rd1 Ra7 32. c4 Kc6 33. f4 Ra8 34. g3 Ra7 35. h3 Ra8 36. h4 Ra7 37. Kb2 Ra4 38. Kb3 Ra7 39. Kb2 Ra4 40. Kb3 Ra7 1/2-1/2

[Event "Late-Titled-Tuesday-Blitz-March-12-2024"]
[Site "Chess.com"]
[Date "2024.03.12"]
[Round "2"]
[White "Felix-Rose"]
[Black "Grindaveci"]
[Result "0-1"]
[WhiteElo "2262"]
[BlackElo "2531"]
[TimeControl "180+1"]
[EndTime "14:15:49 PDT"]
[Termination "Grindaveci won by checkmate"]

1. e4 e5 2. Nf3 Nc6 3. Bb5 a6 4. Ba4 Nf6 5. d3 b5 6. Bb3 Bc5 7. c3 Bb6 8. Nbd2 O-O 9. h3 d6 10. Nf1 Ne7 11. Ng3 c5 12. Qe2 Ng6 13. Bg5 h6 14. Bxf6 Qxf6 15. Nh5 Qe7 16. g4 Be6 17. Bc2 d5 18. b3 dxe4 19. dxe4 c4 20. b4 a5 21. a3 axb4 22. cxb4 Rxa3 23. O-O Qxb4 24. Rab1 Qc5 25. Kg2 Ra2 26. g5 b4 27. gxh6 b3 28. hxg7 Rd8 29. Ng5 Rxc2 30. Qf3 Nh4+ 31. Kg3 Nxf3 32. Nxe6 fxe6 33. Kxf3 Rxf2+ 34. Kg4 Rg2+ 35.
Kh4 Qe7+ 36. Rf6 Be3 37. Rf1 Bg5# 0-1

[Event "Late-Titled-Tuesday-Blitz-March-12-2024"]
[Site "Chess.com"]
[Date "2024.03.12"]
[Round "2"]
[White "TheAlienParty"]
[Black "ValeriyGrinev"]
[Result "0-1"]
[WhiteElo "2398"]
[BlackElo "2579"]
[TimeControl "180+1"]
[EndTime "14:15:50 PDT"]
[Termination "ValeriyGrinev won by checkmate"]

1. c4 c5 2. Nf3 Nc6 3. d4 cxd4 4.
Nxd4 Nf6 5. g3 e6 6. Bg2 Bb4+ 7. Bd2 Bc5 8. Bc3 d5 9. O-O O-O 10. Nb3 Bb6 11. cxd5 Nxd5 12. Bd2 a5 13. Nc3 a4 14. Nc1 a3 15. bxa3 Bd4 16. Qc2 Rxa3 17. Nb3 Ncb4 18. Qc1 Bxc3 19. Bxc3 Rxa2 20. Bxg7 Kxg7 21.
Bxd5 Qxd5 22. Rxa2 Nxa2 23. Qb2+ e5 24. Qxa2 Bh3 25. f3 Bxf1 26. Kxf1 Rc8 27. Qb2 Qb5 28. Kf2 Rc4 29. Qa2 Qb6+ 30. Kg2 Qe3 31. Na5 Rc1 32. Nxb7 Rg1+ 33. Kh3 Qh6+ 34. Kg4 Qg6+ 35. Kh3 Qh5# 0-1

[Event "Late-Titled-Tuesday-Blitz-March-12-2024"]
[Site "Chess.com"]
[Date "2024.03.12"]
[Round "2"]
[White "SaqoChess_Twitch"]
[Black "mitrabhaa"]
[Result "0-1"]
[WhiteElo "2642"]
[BlackElo "2954"]
[TimeControl "180+1"]
[EndTime "14:15:55 PDT"]
[Termination "mitrabhaa won by checkmate"]

1. d4 Nf6 2. c4 c5 3. d5 b5 4.
cxb5 a6 5. Nc3 axb5 6. Nxb5 d6 7. Nc3 g6 8. g3 Bg7 9. Bg2 O-O 10. Nf3 Ba6 11. O-O Nbd7 12. Rb1 Qb6 13. b3 Rfb8 14. Qc2 Ng4 15. Bd2 Nge5 16. Nxe5 Nxe5 17. a4 Bc8 18. h3 Bf5 19. e4 Bc8 20. Rfd1 Ba6 21. Be1 Rb7 22. Kh2 Rab8 23. f4 Nd7 24. Na2 h5 25. b4 cxb4 26. Rxb4 Qc5 27. Qd2 h4 28.
gxh4 Bc4 29. Rxb7 Rxb7 30. Nb4 Bh6 31. Nc6 Nf6 32. Rc1 Nh5 33. Bf2 Qa3 34. Be3 Rb2 35.
Qd4 Bxf4+ 36. Bxf4 Rxg2+ 37. Kxg2 Nxf4+ 38. Kf2 Qxc1 39. Nxe7+ Kh7 40. h5 Qf1+ 41. Ke3 Qg1+ 42.
Kxf4 Qxd4 43. hxg6+ fxg6 44. h4 Qe5+ 45. Kg4 Qxe7 46. a5 Qxe4+ 47. Kg5 Qf5# 0-1

[Event "Late-Titled-Tuesday-Blitz-March-12-2024"]
[Site "Chess.com"]
[Date "2024.03.12"]
[Round "2"]
[White "Zhigalko_Sergei"]
[Black "SamuraisOfChess"]
[Result "1-0"]
[WhiteElo "2848"]
[BlackElo "2577"]
[TimeControl "180+1"]
[EndTime "14:15:55 PDT"]
[Termination "Zhigalko_Sergei won by resignation"]

1. e4 e6 2. d4 d5 3. e5 c5 4. c3 Qb6 5. Nf3 Nc6 6. Bd3 Bd7 7. dxc5 Bxc5 8. O-O Nh6 9. b4 Be7 10. Re1 Rd8 11.
Qe2 Nf5 12. Nbd2 O-O 13. Nb3 Qc7 14. Bf4 b6 15. Rad1 a5 16. b5 Na7 17. g4 Nh4 18. Nxh4 Bxh4 19. g5 f5 20. gxf6 Bxf6 21.
Nd4 Be7 22. Qh5 Rxf4 23. Qxh7+ Kf8 24. Re3 Bg5 25. Qh8+ Kf7 26. Qh5+ Kf8 27. Qxg5 Rf7 28. Rh3 Kg8 29. Bh7+ Kf8 30. Bg6 Kg8 31. Qh5 1-0

[Event "Late-Titled-Tuesday-Blitz-March-12-2024"]
[Site "Chess.com"]
[Date "2024.03.12"]
[Round "2"]
[White "Rogarcia1"]
[Black "grandcoach"]
[Result "1-0"]
[WhiteElo "2511"]
[BlackElo "2208"]
[TimeControl "180+1"]
[EndTime "14:15:57 PDT"]
[Termination "Rogarcia1 won on time"]

1. e4 c5 2. Nf3 Nc6 3. d4 cxd4 4. Nxd4 e5 5. Nb5 d6 6. N1c3 a6 7. Na3 b5 8. Nd5 Nge7 9. c4 Nxd5 10. Qxd5 Bb7 11.
cxb5 Na5 12. Qd3 d5 13. Bd2 Bxa3 14. bxa3 O-O 15. exd5 Bxd5 16. Bb4 Re8 17. Rd1 Qc7 18. Qxd5 Rad8 19. Qf3 Rxd1+ 20. Qxd1 Nc4 21. Qc2 axb5 22.
Be2 e4 23. O-O e3 24. Bxc4 bxc4 25. fxe3 1-0

[Event "Late-Titled-Tuesday-Blitz-March-12-2024"]
[Site "Chess.com"]
[Date "2024.03.12"]
[Round "2"]
[White "JaackCamel"]
[Black "ExchangeAB"]
[Result "0-1"]
[WhiteElo "2204"]
[BlackElo "2499"]
[TimeControl "180+1"]
[EndTime "14:15:57 PDT"]
[Termination "ExchangeAB won by resignation"]

1. d4 d5 2. c4 c6 3. cxd5 cxd5 4.
Bf4 Nf6 5. e3 Nc6 6. Nc3 Bf5 7.
Qb3 Na5 8. Qa4+ Bd7 9. Qc2 Rc8 10. Bd3 e6 11. Nf3 b5 12. a3 Nc4 13. O-O Be7 14.
Qe2 Nxa3 15. bxa3 Rxc3 16. Bxb5 O-O 17. Rfc1 Bxb5 18. Qxb5 Rxa3 19. Rxa3 Bxa3 20. Ra1 Bd6 21. Bxd6 Qxd6 22. Rxa7 Rb8 23. Qd3 h6 24. h3 Qb6 25.
Qa6 Qb1+ 26. Kh2 Ne4 27. Qa2 Qf1 28. Ne5 Nxf2 29. Rxf7 Qh1+ 30. Kg3 Ne4+ 31. Kf3 Qd1+ 32. Qe2 Ng5+ 33. Kf2 Qxe2+ 34. Kxe2 Nxf7 0-1

[Event "Late-Titled-Tuesday-Blitz-March-12-2024"]
[Site "Chess.com"]
[Date "2024.03.12"]
[Round "2"]
[White "mbchess97"]
[Black "LeoWin2012"]
[Result "0-1"]
[WhiteElo "2476"]
[BlackElo "2197"]
[TimeControl "180+1"]
[EndTime "14:15:58 PDT"]
[Termination "LeoWin2012 won by resignation"]

1. c4 e6 2. g3 Nf6 3. Bg2 Be7 4. Nf3 O-O 5. O-O d5 6. b3 b6 7. d4 Bb7 8. cxd5 Nxd5 9. Re1 Nd7 10. e4 N5f6 11. Qc2 c5 12. e5 Nd5 13. Nc3 Nxc3 14.
Qxc3 cxd4 15. Nxd4 Bxg2 16. Kxg2 Nc5 17. Be3 Qd5+ 18.
Nf3 Rac8 19. Rad1 Qb7 20. Qb2 Ne4 21. h4 Bb4 22. Re2 Nc3 23. Red2 Nxd1 24. Rxd1 Rfd8 25.
Rxd8+ Rxd8 26. Qe2 Bc5 27. Bf4 h6 28. Kh3 Qd5 29.
g4 Qd3 30. Qxd3 Rxd3 31. Kg2 Rc3 32. Nd2 Rc2 33. a4 Bd4 34. Kf3 Bxe5 35. Bxe5 Rxd2 36. Bb8 Rd3+ 37. Ke4 Rxb3 38. Bxa7 Rb4+ 39. Kf3 Rxa4 40.
Bxb6 g6 41. Be3 h5 42. gxh5 gxh5 43. Kg3 Kg7 44. Bg5 Kg6 45. Be3 Kf5 46. Bg5 Rg4+ 47.
Kh3 Ke4 48. Bf6 Kf3 49. Bd4 Rxd4 0-1

[Event "Late-Titled-Tuesday-Blitz-March-12-2024"]
[Site "Chess.com"]
[Date "2024.03.12"]
[Round "2"]
[White "KNVB"]
[Black "WindWhistler11"]
[Result "0-1"]
[WhiteElo "2783"]
[BlackElo "2538"]
[TimeControl "180+1"]
[EndTime "14:16:00 PDT"]
[Termination "WindWhistler11 won on time"]

1. e4 e6 2. d4 d5 3. Nd2 Nc6 4. Ngf3 Nf6 5. exd5 exd5 6. Bd3 Bd6 7. h3 Nb4 8. Bb5+ c6 9. Ba4 O-O 10. O-O h6 11. c3 Nd3 12. Bc2 Nxc1 13. Rxc1 Re8 14. Re1 Bd7 15. Ne5 Qc7 16. Ndf3 Re7 17. Nd3 Ne4 18.
Nd2 Bh2+ 19. Kh1 Rae8 20. Nf3 Bf4 21. Rb1 f6 22. Kg1 g5 0-1

[Event "Late-Titled-Tuesday-Blitz-March-12-2024"]
[Site "Chess.com"]
[Date "2024.03.12"]
[Round "2"]
[White "RantomOpening"]
[Black "Levanzovsky"]
[Result "1-0"]
[WhiteElo "2574"]
[BlackElo "2384"]
[TimeControl "180+1"]
[EndTime "14:16:00 PDT"]
[Termination "RantomOpening won by resignation"]

1. e4 e5 2. Nf3 Nc6 3. c3 Nf6 4. d4 Nxe4 5. Bd3 d5 6. Nxe5 Nxe5 7. dxe5 Nc5 8. Bc2 Ne6 9. O-O Be7 10. f4 f5 11. exf6 Bxf6 12. f5 Nc5 13. Re1+ Kf8 14. Be3 Qd6 15. Nd2 Bd7 16. Nf3 Re8 17. Qd2 Ne4 18. Bxe4 dxe4 19. Nd4 Kf7 20. Qc2 c5 21. Qb3+ Ke7 22. Nb5 Qb6 23. a4 a6 24. Qd5 Rc8 25.
Na3 Qc6 26. Qxc6 Rxc6 27. Rf1 Rd8 28. Nc4 b5 29. Na5 Rc7 30. Bf4 Ra7 31. axb5 Bxb5 32. Rfe1 Bd3 33. Nc6+ Kd7 34. Nxa7 Ra8 35. Rad1 Rxa7 36.
Rxe4 Bd4+ 37. Rxd4+ cxd4 38. Rxd3 1-0

[Event "Late-Titled-Tuesday-Blitz-March-12-2024"]
[Site "Chess.com"]
[Date "2024.03.12"]
[Round "2"]
[White "JiiHart"]
[Black "ATM622"]
[Result "1/2-1/2"]
[WhiteElo "2187"]
[BlackElo "2482"]
[TimeControl "180+1"]
[EndTime "14:16:00 PDT"]
[Termination "Game drawn by repetition"]

1. e4 c6 2. d4 d5 3. Nc3 dxe4 4. Nxe4 Bf5 5. Ng3 Bg6 6. h4 h6 7. Nf3 Nd7 8. h5 Bh7 9. Bd3 Bxd3 10. Qxd3 Ngf6 11. Bd2 e6 12. Ne4 Nxe4 13. Qxe4 Nf6 14. Qe2 Be7 15. O-O-O Qd5 16. c4 Qe4 17. Qxe4 Nxe4 18.
Be3 O-O 19. Nd2 Nxd2 20. Rxd2 Rad8 21. f4 b5 22. cxb5 cxb5 23. Kb1 Rd5 24. g4 Rfd8 25. Rc1 Bb4 26. Rd3 Bd6 27. Rcd1 Bb8 28. g5 hxg5 29.
fxg5 e5 30. Kc2 e4 31. Rc3 Be5 32. Rc5 Rxc5+ 33. dxc5 Rxd1 34. Kxd1 Bxb2 35. c6 Be5 36. Bxa7 Bc7 37. Ke2 f5 38. g6 f4 39. Bc5 Kh8 40.
Kf2 Kg8 41. Ke2 b4 42. Kf2 Kh8 43. Ke2 Kg8 44. Kf2 Kh8 45. Ke2 Kg8 1/2-1/2

[Event "Late-Titled-Tuesday-Blitz-March-12-2024"]
[Site "Chess.com"]
[Date "2024.03.12"]
[Round "2"]
[White "K_A_S_T_O_R"]
[Black "SergioMoralesG"]
[Result "1-0"]
[WhiteElo "2858"]
[BlackElo "2486"]
[TimeControl "180+1"]
[EndTime "14:16:01 PDT"]
[Termination "K_A_S_T_O_R won on time"]

1. e4 c5 2. Nf3 e6 3. d4 cxd4 4.
Nxd4 Nc6 5. Nb5 d6 6. c4 Be7 7.
Bf4 e5 8. Be3 Nf6 9. N5c3 O-O 10. Be2 a6 11. O-O Be6 12. Na3 Rc8 13. Qd2 Na5 14.
b3 b5 15. Nd5 Bxd5 16. exd5 bxc4 17. b4 Nb7 18. Nxc4 Ne4 19. Qd3 f5 20. f3 Nf6 21.
Nb6 e4 22. fxe4 fxe4 23. Qxa6 Rc2 24. Rac1 Rxe2 25. Qxe2 Qe8 26. a4 Bd8 27. Qc4 Ng4 28. Bd4 Rxf1+ 29. Rxf1 Qh5 30. h3 Nf6 31. a5 Bxb6 32.
Bxb6 Qxd5 33. Qc8+ Kf7 34. a6 1-0

[Event "Late-Titled-Tuesday-Blitz-March-12-2024"]
[Site "Chess.com"]
[Date "2024.03.12"]
[Round "2"]
[White "Malev212"]
[Black "prochn"]
[Result "0-1"]
[WhiteElo "2627"]
[BlackElo "2461"]
[TimeControl "180+1"]
[EndTime "14:16:01 PDT"]
[Termination "prochn won by resignation"]

1. e4 c6 2. d4 d5 3. exd5 cxd5 4. Bd3 Nc6 5. c3 g6 6. Nf3 Bg7 7. O-O Nh6 8. Re1 O-O 9. h3 f6 10. c4 e6 11. Nc3 Nf7 12. a3 b6 13. cxd5 exd5 14.
Bf4 Bb7 15. Rc1 Rc8 16. b4 Ne7 17. Qd2 Nd6 18. Bxd6 Qxd6 19. Nb5 Qd7 20. Nxa7 Nf5 21.
Nb5 Bh6 22. Bxf5 Bxd2 23. Bxd7 Rxc1 24. Rxc1 Bxc1 25. Nd6 Ba8 26. Nc8 Bxa3 27. b5 Kf7 28. Nxb6 Rd8 29. Bc6 Bxc6 30. bxc6 Bd6 31. Nd2 Bc7 32.
Na4 Rd6 33. Nc5 Rxc6 34. Ndb3 Bb6 35. g3 Bxc5 36. Nxc5 Rb6 37. Kg2 Rb4 0-1

[Event "Late-Titled-Tuesday-Blitz-March-12-2024"]
[Site "Chess.com"]
[Date "2024.03.12"]
[Round "2"]
[White "Vesapesa"]
[Black "ural58"]
[Result "0-1"]
[WhiteElo "2214"]
[BlackElo "2505"]
[TimeControl "180+1"]
[EndTime "14:16:03 PDT"]
[Termination "ural58 won on time"]

1. e4 d5 2. exd5 Qxd5 3. Nc3 Qa5 4. d4 Nf6 5. Bc4 Nc6 6. Nf3 Bg4 7. Be3 O-O-O 8. Bxf7 e5 9. h3 exd4 10. hxg4 dxc3 11.
Be6+ Kb8 12. Bd2 cxd2+ 13. Kf1 Bc5 14. c3 Rhe8 15. Bf7 Re7 16. b4 Qa6+ 0-1